General information
- name: BNet
- type: Ladder 1vs1/FFA
- host: Battle.net
- saver: BEAR_AND
map: LostTemple
- players: 2
- length: 115:40
- speed: Fast
- version: 1.28 W3XP
- replay type:

» download(301 KB)
Players
team 1 (loser)
Fiery_WA (
yellow | 21 APM | 2379 actions | 115:38)
5 Blademaster
1 Wind Walk
1 Mirror Image
3 Critical Strike
1 Shadow Hunter
1 Healing Wave
1 Far Seer
1 Chain Lighting
» actions
| Basic commands | 38 | |
| Build / train | 207 | |
| ESC pressed | 3 | |
| Enter build submenu | 66 | |
| Enter hero's abilities submenu | 8 | |
| Give item / drop item | 8 | |
| Right click | 1138 | |
| Select / deselect | 698 | |
| Use ability | 213 | |
2379 total
» units
| Peon | 40 | |
| Grunt | 5 | |
| Demolisher | 18 | |
| Raider | 12 | |
| Troll Witch Doctor | 9 | |
| Tauren | 17 | |
| Shaman | 8 | |
| Troll Headhunter/Berserker | 5 | |
| Goblin Shredder | 4 | |
| Spirit Walker | 6 | |
| Kodo Beast | 1 | |
| Wind Rider | 23 | |
| Troll Batrider | 6 | |
| Goblin Zeppelin | 6 | |
160 total
» upgrades
| Pillage | 1 | |
| Ensnare | 1 | |
| Witch Doctor Training | 2 | |
| Troll Regeneration | 1 | |
| Shaman Training | 2 | |
| Pulverize | 1 | |
| Spiked Barricades | 2 | |
| Reinforced Defenses | 1 | |
| Melee Weapons | 3 | |
| Ranged Weapons | 3 | |
| Armor | 3 | |
| Berserker Upgrade | 1 | |
| Spirit Walker Training | 2 | |
| Burning Oil | 1 | |
| War Drums Damage Increase | 1 | |
| Envenomed Spears | 1 | |
| Liquid Fire | 1 | |
| Berserker Strength | 2 | |
29 total
» buildings
| Altar of Storms | 1 | |
| Orc Burrow | 7 | |
| Barracks | 1 | |
| War Mill | 2 | |
| Stronghold | 1 | |
| Voodoo Lounge | 1 | |
| Beastiary | 1 | |
| Fortress | 1 | |
| Spirit Lodge | 1 | |
| Tauren Totem | 1 | |
| Great Hall | 11 | |
| Watch Tower | 35 | |
63 total
» build order
00:14 Altar of Storms
00:20 Orc Burrow
01:14 Barracks
01:27 War Mill
01:47 Orc Burrow
03:20 Stronghold
04:11 Orc Burrow
05:13 Voodoo Lounge
05:53 Beastiary
06:34 Orc Burrow
06:36 Fortress
07:20 Spirit Lodge
09:04 War Mill
09:25 Orc Burrow
10:38 Tauren Totem
13:51 Orc Burrow
15:17 Orc Burrow
18:05 Great Hall
18:40 Great Hall
25:19 Watch Tower
29:05 Great Hall
29:11 Watch Tower
30:22 Watch Tower
30:32 Watch Tower
30:53 Watch Tower
31:39 Watch Tower
34:07 Great Hall
35:16 Great Hall
35:25 Watch Tower
36:57 Watch Tower
37:02 Watch Tower
37:19 Watch Tower
38:10 Watch Tower
38:18 Watch Tower
40:45 Watch Tower
41:53 Watch Tower
42:25 Watch Tower
44:00 Watch Tower
45:09 Watch Tower
46:46 Watch Tower
46:49 Watch Tower
48:25 Watch Tower
48:32 Watch Tower
49:40 Watch Tower
49:49 Watch Tower
56:23 Watch Tower
58:21 Great Hall
63:05 Watch Tower
65:16 Watch Tower
68:10 Great Hall
69:49 Great Hall
70:37 Watch Tower
70:44 Great Hall
74:55 Watch Tower
77:15 Watch Tower
77:39 Watch Tower
81:21 Watch Tower
83:05 Watch Tower
83:14 Watch Tower
91:40 Watch Tower
92:01 Watch Tower
98:42 Great Hall
101:38 Great Hall
» items
| Healing Salve | 1 | |
| Orb of Lightning | 1 | |
| Potion of Mana | 1 | |
| Scroll of Town Portal | 1 | |
| Tiny Great Hall | 1 | |
5 total
team 2 (winner)
BEAR_AND (
green | 97 APM | 11235 actions | 115:40)
9 Archmage
3 Summon Water Elemental
3 Brilliance Aura
2 Blizzard
1 Mass Teleport
9 Mountain King
3 Storm Bolt
3 Bash
1 Avatar
2 Thunder Clap
9 Paladin
3 Holy Light
3 Divine Shield
3 Devotion Aura
» actions
| Assign group hotkey | 75 | |
| Basic commands | 67 | |
| Build / train | 268 | |
| Enter build submenu | 71 | |
| Enter hero's abilities submenu | 30 | |
| Give item / drop item | 30 | |
| Right click | 6576 | |
| Select / deselect | 1726 | |
| Select group hotkey | 1539 | |
| Use ability | 848 | |
11235 total
» units
| Peasant | 17 | |
| Goblin Zeppelin | 5 | |
| Priest | 1 | |
| Goblin Shredder | 1 | |
| Sorceress | 1 | |
25 total
» upgrades
| Masonry | 3 | |
| Lumber Harvesting | 2 | |
| Storm Hammers | 1 | |
| Magic Sentry | 1 | |
| Swords | 3 | |
| Animal War Training | 1 | |
| Sorceress Training | 2 | |
| Priest Training | 2 | |
| Armor | 3 | |
| Cloud | 1 | |
19 total
» buildings
| Altar of Kings | 1 | |
| Farm | 5 | |
| Lumber Mill | 2 | |
| Scout Tower | 183 | |
| Arcane Tower | 20 | |
| Arcane Vault | 2 | |
| Guard Tower | 118 | |
| Keep | 3 | |
| Town Hall | 4 | |
| Castle | 3 | |
| Gryphon Aviary | 2 | |
| Arcane Sanctum | 1 | |
| Blacksmith | 1 | |
| Barracks | 1 | |
346 total
» build order
00:08 Altar of Kings
00:20 Farm
00:39 Farm
00:53 Lumber Mill
01:06 Scout Tower
01:17 Scout Tower
01:31 Arcane Tower
01:32 Arcane Tower
02:05 Arcane Vault
02:05 Guard Tower
02:05 Guard Tower
02:20 Scout Tower
02:51 Guard Tower
02:51 Guard Tower
02:52 Scout Tower
03:14 Keep
03:14 Keep
03:21 Guard Tower
03:21 Guard Tower
03:41 Scout Tower
04:00 Farm
04:12 Guard Tower
04:12 Guard Tower
04:15 Scout Tower
04:16 Scout Tower
04:16 Scout Tower
04:26 Farm
04:28 Farm
04:52 Guard Tower
05:31 Town Hall
05:35 Scout Tower
05:35 Scout Tower
05:36 Scout Tower
05:36 Scout Tower
06:06 Arcane Tower
06:06 Arcane Tower
06:09 Scout Tower
06:11 Guard Tower
06:12 Guard Tower
06:20 Guard Tower
06:20 Guard Tower
06:33 Arcane Tower
06:53 Guard Tower
06:53 Guard Tower
06:55 Scout Tower
06:56 Scout Tower
07:09 Scout Tower
07:21 Guard Tower
07:38 Guard Tower
07:42 Guard Tower
07:58 Guard Tower
07:58 Guard Tower
07:59 Scout Tower
07:59 Scout Tower
08:00 Scout Tower
08:06 Castle
08:07 Castle
08:34 Guard Tower
08:36 Scout Tower
09:31 Guard Tower
09:31 Guard Tower
09:32 Scout Tower
09:33 Scout Tower
09:33 Scout Tower
09:34 Scout Tower
09:34 Scout Tower
09:47 Gryphon Aviary
10:11 Guard Tower
10:15 Arcane Sanctum
11:11 Blacksmith
11:14 Barracks
11:15 Gryphon Aviary
11:22 Guard Tower
12:02 Guard Tower
12:03 Guard Tower
12:24 Scout Tower
12:25 Scout Tower
12:25 Scout Tower
12:26 Scout Tower
12:26 Scout Tower
12:27 Scout Tower
12:28 Scout Tower
13:28 Guard Tower
13:55 Guard Tower
13:59 Scout Tower
13:59 Scout Tower
14:00 Scout Tower
14:00 Scout Tower
14:01 Scout Tower
14:01 Scout Tower
14:01 Scout Tower
14:02 Scout Tower
14:47 Guard Tower
15:23 Guard Tower
15:51 Guard Tower
15:51 Guard Tower
16:24 Guard Tower
16:26 Scout Tower
16:26 Scout Tower
16:27 Scout Tower
16:27 Scout Tower
17:46 Town Hall
17:48 Scout Tower
17:49 Scout Tower
17:49 Scout Tower
17:50 Scout Tower
17:50 Scout Tower
17:51 Scout Tower
17:52 Scout Tower
17:52 Scout Tower
17:53 Scout Tower
17:53 Scout Tower
17:54 Scout Tower
17:54 Scout Tower
17:56 Scout Tower
17:57 Scout Tower
17:57 Scout Tower
17:57 Scout Tower
17:58 Scout Tower
18:13 Guard Tower
18:19 Arcane Tower
18:20 Guard Tower
18:27 Scout Tower
18:28 Scout Tower
18:29 Scout Tower
18:30 Scout Tower
18:30 Scout Tower
18:31 Scout Tower
19:14 Guard Tower
19:15 Guard Tower
20:19 Guard Tower
21:00 Guard Tower
21:00 Guard Tower
21:03 Scout Tower
21:03 Scout Tower
21:04 Scout Tower
21:04 Scout Tower
21:05 Scout Tower
21:11 Guard Tower
22:44 Town Hall
22:48 Scout Tower
22:48 Scout Tower
22:49 Scout Tower
22:49 Scout Tower
22:50 Scout Tower
22:50 Scout Tower
22:51 Scout Tower
22:51 Scout Tower
22:52 Scout Tower
22:52 Scout Tower
22:53 Scout Tower
22:54 Scout Tower
22:55 Scout Tower
22:56 Scout Tower
22:56 Scout Tower
22:57 Scout Tower
22:58 Scout Tower
22:59 Scout Tower
23:00 Scout Tower
23:00 Scout Tower
23:19 Guard Tower
23:55 Arcane Tower
23:56 Guard Tower
24:15 Guard Tower
24:15 Guard Tower
24:52 Guard Tower
25:02 Guard Tower
26:04 Guard Tower
27:01 Guard Tower
27:31 Guard Tower
27:31 Guard Tower
28:28 Scout Tower
28:29 Scout Tower
28:30 Scout Tower
28:30 Scout Tower
28:31 Scout Tower
28:31 Scout Tower
28:32 Scout Tower
28:32 Scout Tower
28:35 Scout Tower
28:35 Scout Tower
28:36 Scout Tower
28:36 Scout Tower
28:37 Scout Tower
28:38 Scout Tower
28:39 Scout Tower
28:40 Scout Tower
28:46 Town Hall
28:49 Scout Tower
28:50 Scout Tower
28:50 Scout Tower
28:51 Scout Tower
28:51 Scout Tower
28:52 Scout Tower
28:53 Scout Tower
28:54 Scout Tower
28:54 Scout Tower
28:55 Scout Tower
28:56 Scout Tower
28:56 Scout Tower
28:57 Scout Tower
28:58 Scout Tower
28:58 Scout Tower
28:59 Scout Tower
29:00 Scout Tower
29:18 Arcane Tower
29:19 Guard Tower
29:22 Guard Tower
29:46 Guard Tower
29:58 Guard Tower
31:16 Guard Tower
32:00 Arcane Tower
32:00 Arcane Tower
32:00 Guard Tower
32:18 Guard Tower
32:18 Guard Tower
32:41 Guard Tower
32:46 Scout Tower
32:47 Scout Tower
32:47 Scout Tower
32:48 Scout Tower
32:56 Guard Tower
32:56 Guard Tower
32:59 Scout Tower
33:00 Scout Tower
33:28 Guard Tower
33:31 Arcane Tower
33:31 Guard Tower
33:32 Guard Tower
33:55 Guard Tower
33:57 Scout Tower
33:58 Scout Tower
33:58 Scout Tower
33:59 Scout Tower
34:00 Scout Tower
34:01 Scout Tower
34:02 Scout Tower
34:02 Scout Tower
34:05 Arcane Vault
34:07 Guard Tower
34:11 Guard Tower
34:32 Guard Tower
34:43 Guard Tower
34:43 Guard Tower
34:43 Guard Tower
34:43 Guard Tower
34:45 Arcane Tower
35:36 Guard Tower
35:37 Guard Tower
36:53 Scout Tower
36:54 Scout Tower
36:55 Scout Tower
36:55 Scout Tower
36:56 Scout Tower
36:57 Scout Tower
37:02 Arcane Tower
37:03 Arcane Tower
37:03 Guard Tower
37:04 Guard Tower
37:04 Guard Tower
37:10 Guard Tower
37:22 Guard Tower
38:00 Guard Tower
38:06 Guard Tower
38:30 Arcane Tower
39:53 Guard Tower
39:56 Scout Tower
39:57 Scout Tower
39:58 Scout Tower
39:58 Scout Tower
39:59 Scout Tower
40:00 Scout Tower
40:00 Scout Tower
40:01 Scout Tower
41:18 Guard Tower
41:19 Guard Tower
41:23 Scout Tower
41:24 Scout Tower
41:25 Scout Tower
41:26 Scout Tower
41:26 Scout Tower
41:27 Scout Tower
41:27 Scout Tower
41:28 Scout Tower
41:28 Scout Tower
41:29 Scout Tower
41:31 Guard Tower
41:32 Guard Tower
42:29 Guard Tower
42:52 Guard Tower
43:44 Guard Tower
44:31 Guard Tower
46:08 Guard Tower
46:14 Scout Tower
46:15 Scout Tower
46:16 Scout Tower
46:16 Scout Tower
46:17 Scout Tower
46:18 Scout Tower
47:10 Guard Tower
49:12 Arcane Tower
49:12 Guard Tower
49:12 Guard Tower
49:12 Guard Tower
49:13 Guard Tower
49:13 Guard Tower
55:55 Scout Tower
55:55 Scout Tower
55:59 Scout Tower
56:00 Scout Tower
56:00 Scout Tower
56:00 Scout Tower
56:05 Scout Tower
56:05 Scout Tower
56:06 Scout Tower
56:06 Scout Tower
56:07 Scout Tower
56:07 Scout Tower
56:08 Scout Tower
56:09 Scout Tower
57:27 Guard Tower
57:28 Guard Tower
60:18 Guard Tower
62:21 Guard Tower
77:24 Lumber Mill
» items
| Scroll of Regeneration | 2 | |
| Lesser Clarity Potion | 2 | |
| Orb of Fire | 2 | |
| Staff of Sanctuary | 3 | |
| Boots of Speed | 3 | |
| Staff of Teleportation | 3 | |
| Tome of Retraining | 1 | |
| Mechanical Critter | 12 | |
28 total
Chat log
(00:25 / All) BEAR_AND: howdy
(00:48 / All) Fiery_WA: gday
(24:04 / All) BEAR_AND: do you remember the other times we've played
(45:14 / All) BEAR_AND: i just went through the archives
(45:19 / All) BEAR_AND: we've played each other three times before
(45:38 / All) BEAR_AND: march 5 2008 (twice) and jan 14 2009
(45:47 / All) BEAR_AND: https://highper.ch/ for tower replays
(54:12 / All) BEAR_AND: meet in mid XP
(60:25 / All) BEAR_AND: how much gold do you have?
(64:12 / All) BEAR_AND: }
(64:26 / All) BEAR_AND: new heroes! :)
(76:18 / All) BEAR_AND: i just want to heal in peace
(81:21 / All) BEAR_AND: a GRUNT?
(86:58 / All) BEAR_AND: my mill . .
(93:13 / All) BEAR_AND: why did you build top-left main so far from the mine?
(100:55 / All) BEAR_AND: how much gold do you have?
(104:19 / All) BEAR_AND: i guess this is it then
(106:53 / All) Fiery_WA: scared of some spikes?
(107:02 / All) BEAR_AND: don't want to mess up my clothes